 Dungeon Sprint DCSS version 0.17.2-1-ge4368a0 (webtiles) character file.

4639 mopl the Bludgeoner (level 10, -7/126 HPs)
             Began as an Ogre Berserker on Aug 23, 2016.
             Was a High Priest of Trog.
             Mangled by a catoblepas (12 damage)
             ... in the Dungeon (Sprint IX: "|||||||||||||||||||||||||||||").
             The game lasted 00:04:06 (1261 turns).

mopl the Bludgeoner (Ogre Berserker)                Turns: 1261, Time: 00:04:06

Health: -7/126     AC:  6    Str: 27    XL:     10   Next: 43%
Magic:  3/3        EV:  1    Int:  6    God:    Trog [*****.]
Gold:   4          SH:  0    Dex: 12    Spells: 0 memorised, 9 levels left

rFire  . . .     SeeInvis .     a - +7 giant spiked club (antimagic)
rCold  . . .     Clarity  .     x - +0 animal skin
rNeg   + + +     SustAt   .     (shield currently unavailable)
rPois  ∞         Gourm    .     (helmet restricted)
rElec  .         Spirit   .     p - +0 cloak
rCorr  .         Warding  .     (gloves unavailable)
rMut   .         NoTele   +     (boots unavailable)
MR     +....                    (no amulet)
Stlth  +.........               j - +3 ring of strength
                                q - +2 ring of protection

@: petrified, very slightly contaminated, somewhat resistant to hostile
enchantments, very unstealthy
A: unfitting armour, tough skin 1
a: Berserk, Trog's Hand, Brothers in Arms, Burn Spellbooks, Renounce Religion


You were in the Dungeon.
You worshipped Trog.
Trog was extremely pleased with you.
You were not hungry.

You visited 1 branch You collected 4 gold pieces.

Inventory:

Hand Weapons
 a - a +7 antimagic giant spiked club (weapon)
 b - the +1 eveningstar "Brilliance" {holy, rN+ AC+5 Int+5}
   (You found it in the Dungeon)

   It has been blessed by the Shining One to cause great damage to the undead
   and demons.
   It affects your AC (+5).
   It affects your intelligence (+5).
   It protects you from negative energy.
Missiles
 k - 11 javelins of penetration (quivered)
Armour
 p - a +0 cloak (worn)
 x - a +0 animal skin (worn)
Jewellery
 j - a +3 ring of strength (right hand)
 q - a +2 ring of protection (left hand)
Wands
 n - a wand of draining (7)
Scrolls
 m - 6 scrolls of remove curse
 t - 2 scrolls of fear
 u - 2 scrolls of enchant armour
Potions
 d - 7 potions of curing
 e - 7 potions of heal wounds
 f - 2 potions of haste
 g - 4 potions of magic
 h - a potion of berserk rage {!q}
 l - a potion of invisibility
 r - a potion of might
 s - 2 potions of agility
Comestibles
 c - a bread ration


   Skills:
 + Level 15.4 Fighting
 + Level 20.2 Maces & Flails
 * Level 12.1 Throwing
 + Level 1.5 Armour
 + Level 3.3 Dodging


You had 9 spell levels left.
You didn't know any spells.

Dungeon Overview and Level Annotations

Branches:
Dungeon (1/1)

Altars:
Cheibriados
Dithmenos
Elyvilon
Fedhas
Gozag
Kikubaaqudgha
Makhleb
Nemelex Xobeh
Okawaru
Qazlal
Ru
Sif Muna
Trog
Vehumet
Xom
Yredelemnul
Zin
The Shining One
Beogh
Jiyva
Lugonu


Innate Abilities, Weirdness & Mutations

You are too large for most types of armour.
You have tough skin (AC +1).


Message History

You turn to flesh and can move again.
Read which item? (? for menu, Esc to quit)
Blink to where?
Press: ? - help, Dir - move target cursor Really blink into that cloud of calcifying dust?
You are very lightly contaminated with residual magic.
As you read the scroll of blinking, it crumbles to dust.
You are engulfed in calcifying dust.
Read which item? (? for menu, Esc to quit)
Blink to where?
Press: ? - help, Dir - move target cursor Really blink into that cloud of calcifying dust?
As you read the scroll of blinking, it crumbles to dust.
You are engulfed in calcifying dust.
You are slowing down.
Your iron troll goes berserk!
You feel somewhat more hungry.
You are engulfed in calcifying dust.
Your limbs have turned to stone.
You have turned to stone.
The catoblepas gores you!!
You die...

▓_▓.▓.▓
▓_▓.▓Y▓
▓_▓.▓Y▓
▓_▓.▓.▓
▓_▓.▓Y▓
▓_▓.▓.▓
▓_▓.▓Y▓
▓_▓.▓Y▓
▓_▓.▓@▓
▓_▓.▓T▓
▓_▓.▓.▓
▓_▓.▓.▓
▓_▓.▓.▓
▓_▓.▓.▓
▓_▓.▓.▓
▓_▓.▓.▓
▓_▓.▓%▓


You could see a death yak, 2 catoblepae, 2 yaks and a friendly iron troll
(berserk).

Vanquished Creatures
  A hydra (D)
  A death yak (D)
  A manticore (D)
  A griffon (D)
  2 spiny frogs (D)
  A troll (D)
  A trapdoor spider (D)
  A yak (D)
  2 basilisks (D)
  3 water moccasins (D)
  A wolf (D)
  A porcupine (D)
  A sky beast (D)
  A black bear (D)
  3 giant frogs (D)
  A big kobold (D)
  A scorpion (D)
  A wight (D)
  2 crimson imps (D)
  A hound (D)
  2 iguanas (D)
  A worker ant (D)
  An adder (D)
  2 orcs (D)
  2 hobgoblins (D)
  A jackal (D)
  A giant newt (D)
  A goblin (D)
  A jackal zombie (D)
  A rat (D)
40 creatures vanquished.

Notes
Turn   | Place    | Note
--------------------------------------------------------------
     0 | D        | mopl the Ogre Berserker began the quest for the Orb.
     0 | D        | Reached XP level 1. HP: 24/24 MP: 1/1
    13 | D        | Reached ** piety under Trog
    13 | D        | Reached skill level 5 in Maces & Flails
    15 | D        | Reached skill level 1 in Throwing
    91 | D        | Noticed a hound
    91 | D        | Noticed a scorpion
    91 | D        | Noticed a worker ant
    91 | D        | Noticed a sky beast
   100 | D        | Killed a sky beast
   100 | D        | Reached *** piety under Trog
   100 | D        | Reached skill level 7 in Fighting
   100 | D        | Reached skill level 9 in Maces & Flails
   100 | D        | Reached skill level 4 in Throwing
   100 | D        | Reached XP level 2. HP: 32/40 MP: 2/2
   100 | D        | Reached XP level 3. HP: 36/46 MP: 3/3
   100 | D        | Reached XP level 4. HP: 42/55 MP: 4/4
   102 | D        | Killed a worker ant
   102 | D        | Reached XP level 5. HP: 46/62 MP: 5/5
   109 | D        | Killed a scorpion
   109 | D        | Received a gift from Trog
   109 | D        | Reached skill level 8 in Fighting
   109 | D        | Reached skill level 10 in Maces & Flails
   109 | D        | Reached skill level 5 in Throwing
   112 | D        | Killed a hound
   112 | D        | Reached skill level 11 in Maces & Flails
   283 | D        | Found a glowing silver altar of Zin.
   283 | D        | Found a glowing golden altar of the Shining One.
   283 | D        | Found an ancient bone altar of Kikubaaqudgha.
   283 | D        | Found a basalt altar of Yredelemnul.
   283 | D        | Found a shimmering altar of Xom.
   283 | D        | Found a radiant altar of Vehumet.
   284 | D        | Found an iron altar of Okawaru.
   285 | D        | Found a burning altar of Makhleb.
   286 | D        | Found a deep blue altar of Sif Muna.
   287 | D        | Found a bloodstained altar of Trog.
   288 | D        | Found a sparkling altar of Nemelex Xobeh.
   289 | D        | Found a white marble altar of Elyvilon.
   290 | D        | Found a roughly hewn altar of Beogh.
   291 | D        | Found a viscous altar of Jiyva.
   292 | D        | Found a corrupted altar of Lugonu.
   293 | D        | Found a blossoming altar of Fedhas.
   294 | D        | Found a snail-covered altar of Cheibriados.
   295 | D        | Found a shadowy altar of Dithmenos.
   296 | D        | Found a stormy altar of Qazlal.
   297 | D        | Found an opulent altar of Gozag.
   298 | D        | Found a sacrificial altar of Ru.
   332 | D        | Noticed a big kobold
   332 | D        | Noticed a crimson imp
   332 | D        | Noticed a crimson imp
   333 | D        | Killed a crimson imp
   333 | D        | Reached **** piety under Trog
   333 | D        | Reached XP level 6. HP: 74/74 MP: 6/6
   338 | D        | Killed a crimson imp
   338 | D        | Reached skill level 9 in Fighting
   338 | D        | Reached skill level 6 in Throwing
   346 | D        | Killed a big kobold
   346 | D        | Reached skill level 12 in Maces & Flails
   404 | D        | Noticed a manticore
   404 | D        | Noticed a wight
   404 | D        | Noticed a black bear
   404 | D        | Noticed a troll
   404 | D        | Noticed a trapdoor spider
   408 | D        | Killed a troll
   408 | D        | Reached ***** piety under Trog
   408 | D        | Reached skill level 10 in Fighting
   408 | D        | Reached skill level 13 in Maces & Flails
   408 | D        | Reached skill level 7 in Throwing
   408 | D        | Reached XP level 7. HP: 60/87 MP: 7/7
   409 | D        | Killed a black bear
   409 | D        | Reached skill level 14 in Maces & Flails
   415 | D        | Killed a manticore
   415 | D        | Received a gift from Trog
   415 | D        | Reached skill level 11 in Fighting
   415 | D        | Reached skill level 15 in Maces & Flails
   415 | D        | Reached skill level 8 in Throwing
   415 | D        | Reached XP level 8. HP: 63/98 MP: 8/8
   417 | D        | Killed a wight
   417 | D        | Reached skill level 12 in Fighting
   435 | D        | Killed a trapdoor spider
   435 | D        | Reached skill level 16 in Maces & Flails
   435 | D        | Reached skill level 9 in Throwing
   892 | D        | Noticed a spiny frog
   892 | D        | Noticed an iguana
   892 | D        | Noticed a water moccasin
   892 | D        | Noticed a water moccasin
   892 | D        | Noticed a water moccasin
   892 | D        | Noticed a basilisk
   894 | D        | Killed a basilisk
   897 | D        | Killed a water moccasin
   898 | D        | Noticed a basilisk
   900 | D        | Noticed a giant frog
   901 | D        | Killed a water moccasin
   905 | D        | Killed a water moccasin
   905 | D        | Received a gift from Trog
   905 | D        | Reached skill level 13 in Fighting
   905 | D        | Reached skill level 17 in Maces & Flails
   905 | D        | Reached XP level 9. HP: 101/110 MP: 9/9
   906 | D        | Noticed an iguana
   907 | D        | Killed an iguana
   907 | D        | Killed a basilisk
   907 | D        | Reached skill level 10 in Throwing
   907 | D        | Killed an iguana
   907 | D        | Received a gift from Trog
   908 | D        | Killed a giant frog
   909 | D        | Killed a spiny frog
   943 | D        | Noticed a griffon
   943 | D        | Noticed a six-headed hydra
   943 | D        | Noticed a giant frog
   943 | D        | Noticed a giant frog
   943 | D        | Noticed a death yak
   943 | D        | Noticed a wolf
   945 | D        | Killed a wolf
   945 | D        | Reached skill level 18 in Maces & Flails
   945 | D        | Killed a giant frog
   946 | D        | Killed a giant frog
   947 | D        | Noticed a spiny frog
   949 | D        | Noticed a yak
   949 | D        | Killed a death yak
   949 | D        | Received a gift from Trog
   949 | D        | Reached skill level 14 in Fighting
   949 | D        | Reached skill level 19 in Maces & Flails
   949 | D        | Reached skill level 11 in Throwing
   951 | D        | Killed a six-headed hydra
   951 | D        | Reached skill level 15 in Fighting
   951 | D        | Reached XP level 10. HP: 75/124 MP: 6/10
   955 | D        | Killed a griffon
   955 | D        | Reached ****** piety under Trog
   955 | D        | Reached skill level 20 in Maces & Flails
   956 | D        | Killed a spiny frog
   956 | D        | Reached skill level 1 in Armour
   956 | D        | Reached skill level 3 in Dodging
   960 | D        | Killed a yak
   960 | D        | Reached skill level 12 in Throwing
   962 | D        | Noticed a porcupine
   970 | D        | Killed a porcupine
  1230 | D        | Noticed a yak
  1230 | D        | Noticed a yak
  1230 | D        | Noticed a yak
  1230 | D        | Noticed a yak
  1230 | D        | Noticed a catoblepas
  1230 | D        | Noticed a catoblepas
  1237 | D        | Noticed a death yak
  1256 | D        | HP: 4/126 [catoblepas (17)]
  1261 | D        | Mangled by a catoblepas

Action                   |  1- 3 |  4- 6 |  7- 9 | 10-12 || total
-------------------------+-------+-------+-------+-------++-------
Melee: Mace              |    20 |    12 |       |       ||    32
       Eveningstar       |       |    14 |    22 |     8 ||    44
Throw: Javelin           |       |     2 |     9 |     3 ||    14
Invok: Berserk           |     1 |     1 |     1 |       ||     3
       Brothers in Arms  |       |       |       |     2 ||     2
  Use: Scroll            |       |       |       |     2 ||     2
  Eat: Chunk             |       |       |     2 |     2 ||     4
